 Dungeon Crawl Stone Soup version 0.30-a0-800-g7c544603b3 (webtiles) character file.

Game seed: 17057316228498894114

521 cforsyth the Sneak (level 7, -6/44 HPs)
             Began as a Kobold Brigand on Feb 23, 2023.
             Mangled by a gnoll
             ... wielding a +0 whip of flaming
             ... led by a gnoll bouda
              (8 damage)
             ... on level 4 of the Dungeon.
             The game lasted 00:05:38 (2938 turns).

cforsyth the Sneak (Kobold Brigand)                 Turns: 2938, Time: 00:05:39

Health: -6/44      AC:  4    Str:  8    XL:     7   Next: 46%
Magic:  7/7        EV: 16    Int: 13    God:
Gold:   171        SH:  0    Dex: 18    Spells: 6/6 levels left

rFire   . . .      SeeInvis .    a - +2 dagger
rCold   . . .      Faith    .    (no shield)
rNeg    . . .      Spirit   .    b - +0 robe
rPois   .          Reflect  .    (no helmet)
rElec   .          Harm     .    c - +0 cloak
rCorr   .          Rampage  .    i - +0 pair of gloves
Will    .....                    (no boots)
Stlth   +++++                    r - amulet of magic regeneration
HPRegen 0.27/turn                (no ring)
MPRegen 0.50/turn                (no ring)

@: no status effects
A: small, no large weapons, nightstalker 3
a: no special abilities


You were on level 4 of the Dungeon.
You visited 1 branch of the dungeon, and saw 4 of its levels.
You also visited: Sewer.

You collected 171 gold pieces.

Inventory:

Hand Weapons
 a - a +2 dagger (weapon)
Missiles
 d - 22 poisoned darts (quivered)
 e - 3 curare-tipped darts
 u - 4 atropa-tipped darts
Armour
 b - a +0 robe (worn)
 c - a +0 cloak (worn)
 i - a +0 pair of gloves (worn)
 t - a +2 plate armour of cold resistance
Jewellery
 r - an amulet of magic regeneration (around neck)
Wands
 k - a wand of acid (1)
Scrolls
 f - a scroll of brand weapon {unknown}
 j - a scroll of summoning
 l - a scroll of teleportation {unknown}
 m - a scroll of magic mapping {unknown}
 p - a scroll of fog {unknown}
 q - a scroll of silence {unknown}
 w - 2 scrolls of amnesia {unknown}
Potions
 g - 2 potions of lignification
 h - 2 potions of ambrosia
 n - a potion of haste
 o - 2 potions of mutation {unknown}
 s - a potion of heal wounds {unknown}
 v - a potion of might {unknown}
 x - 2 potions of resistance {unknown}


   Skills:
 + Level 4.5 Fighting
 + Level 5.5 Short Blades
 - Level 2.1 Throwing
 + Level 4.4 Dodging
 + Level 7.5 Stealth


You had 6 spell levels left.
You didn't know any spells.
Your spell library contained the following spells:

 Spells                   Type           Power      Damage    Failure   Level
 Inner Flame              Hex/Fire       0%         N/A       67%         3
 Vhi's Electric Charge    Tloc/Air       0%         N/A       67%         3
 Cause Fear               Hex            0%         N/A       97%         4
 Arcjolt                  Conj/Air       0%         1d10      100%        5
 Discord                  Hex            0%         N/A       100%        8
 Maxwell's Capacitive Co  Air            0%         ∞         100%        8


Dungeon Overview and Level Annotations

Branches:
Dungeon (4/15)              Sewer (visited)
 Temple: D:4-7

Altars:


Innate Abilities, Weirdness & Mutations

You are small and have problems with some larger weapons.
You are completely attuned to the shadows.


Message History

The gnoll bouda hits you with a +0 club!
You hit the gnoll bouda but do no damage.
The gnoll hits you from afar with a +0 spear!
The gnoll barely misses you.
You are too injured to fight recklessly!
You are too injured to fight recklessly!
You are too injured to fight recklessly!
You are too injured to fight recklessly!
The gnoll attacks as you move away! The gnoll barely misses you.
Your attacks no longer feel as feeble.
The gnoll bouda attacks as you move away!
The gnoll bouda hits you with a +0 club.
The gnoll bouda attacks as you move away!
The gnoll bouda misses you.
The gnoll bouda attacks as you move away!
The gnoll bouda misses you.
Found 16 gold pieces.
The gnoll is no longer moving quickly.
The gnoll bouda attacks as you move away!
The gnoll bouda misses you.
The gnoll bouda barks out a call to the hunt!
The gnoll picks up the pace!
You hear a shout!
The gnoll is no longer moving quickly.
The gnoll bouda barks out a call to the hunt!
The gnoll picks up the pace!
The gnoll attacks as you move away! The gnoll barely misses you.
The gnoll closely misses you. The gnoll attacks as you move away!
The gnoll hits you with a +0 whip of flaming!
* * * LOW HITPOINT WARNING * * *
The gnoll burns you.
* * * LOW HITPOINT WARNING * * *
The gnoll misses you. The gnoll attacks as you move away!
The gnoll hits you with a +0 whip of flaming.
* * * LOW HITPOINT WARNING * * *
The gnoll burns you.
* * * LOW HITPOINT WARNING * * *
The gnoll hits you with a +0 whip of flaming!
You die...

#.g.##.......#.........##........
...g#).#........##......##...#...
.......#.$....g..#......).)..# ..
#..###..............##....).## .
#... .........#........##.## ...
.........#.g........)#
.......###g.....##...
..##..###g..... .....
.#.##.@...## #...... ......#...#
....<###### #....# ##..)# #####


You could see 3 gnolls.

Vanquished Creatures
  Sigmund (D:2)
  A water moccasin (Sewer)
  2 orc wizards (D:3)
  4 adders
  6 gnolls
  A river rat (D:3)
  4 worms
  2 dart slugs
  5 orcs
  4 endoplasms
  3 giant cockroaches
  8 goblins
  11 hobgoblins
  3 quokkas
  3 ball pythons
  18 bats
  2 frilled lizards (D:1)
  8 kobolds
  3 rats
89 creatures vanquished.

Vanquished Creatures (collateral kills)
  A bat (D:3)
  A frilled lizard (D:3)
2 creatures vanquished.

Grand Total: 91 creatures vanquished

Notes
Turn   | Place    | Note
-------+----------+-------------------------------------------
     0 | D:1      | cforsyth the Kobold Brigand began the quest for the Orb.
     0 | D:1      | Reached XP level 1. HP: 12/12 MP: 1/1
   107 | D:1      | Reached XP level 2. HP: 15/18 MP: 2/2
   330 | D:1      | Reached XP level 3. HP: 22/22 MP: 3/3
  1296 | D:2      | Noticed Sigmund
  1300 | D:2      | Killed Sigmund
  1301 | D:2      | Reached skill level 6 in Stealth
  1301 | D:2      | Reached XP level 4. HP: 28/28 MP: 4/4
  1301 | D:2      | Reached XP level 5. HP: 32/32 MP: 5/5
  1301 | D:2      | Reached XP level 6. HP: 37/37 MP: 6/6
  1654 | D:3      | Found a glowing drain.
  1752 | Sewer    | Entered a sewer
  1813 | Sewer    | Noticed a water moccasin
  1820 | Sewer    | Killed a water moccasin
  1821 | Sewer    | Reached skill level 5 in Short Blades
  1821 | Sewer    | Reached skill level 7 in Stealth
  2223 | D:3      | Reached XP level 7. HP: 43/43 MP: 7/7
  2937 | D:4      | HP: 1/44 [gnoll/+0 whip of flaming[a gnoll bouda] (3)]
  2938 | D:4      | Mangled by a gnoll

Illustrated notes

Levels and vault maps discovered:
D:1:      dpeg_arrival_boxes_within_box, layout_rooms, kennysheep_minor_cross
D:2:      layout_loops_cross, uniq_sigmund
D:3:      layout_loops_ring, cheibrodos_sewer_entry_sluice
D:4:      layout_cave_pools, minmay_temple_entry_trees

Skill      XL: |  1  2  3  4  5  6 |
---------------+-------------------+-----
Short Blades   | 3 4 5 |  5.5
Dodging        | 3 4 |  4.4
Fighting       | 3 4 |  4.5
Stealth        | 6 7 |  7.5
Throwing       | |  2.1

Action                     |  1- 3 |  4- 6 |  7- 9 || total
---------------------------+-------+-------+-------++-------
  Melee: Dagger            |   108 |    95 |   120 ||   323
         Punch             |     1 |     3 |     3 ||     7
    Use: Scroll            |       |     1 |     3 ||     4
         Potion            |       |     1 |       ||     1
   Stab: Sleeping          |    13 |    12 |    10 ||    35
 Armour: Robe              |    12 |    23 |    10 ||    45
  Dodge: Dodged            |    63 |    75 |    58 ||   196

Table legend: (Time is in decaauts)
 A = Elapsed time spent in this place.
 B = Non-inter-level travel time spent in this place.
 C = Inter-level travel time spent in this place.
 D = Time resting spent in this place.
 E = Time spent auto-exploring this place.
 F = Levels seen in this place.
 G = Mean time per level.
                   A        B        C        D        E       F      G
               +--------+--------+--------+--------+--------+-----+--------+
         Total |   2884 |   2792 |     92 |     97 |   1948 |   5 |  576.8 |
       Dungeon |   2725 |   2633 |     92 |     63 |   1913 |   4 |  681.2 |
         Sewer |    159 |    159 |      0 |     34 |     35 |   1 |  159.0 |
               +--------+--------+--------+--------+--------+-----+--------+

Top non-repeatable levels by time:
     D:3: 1024 daAuts
     D:1: 909 daAuts
     D:2: 666 daAuts
   Sewer: 159 daAuts
     D:4: 125 daAuts
